 Dungeon Crawl Stone Soup version 0.26-a0-664-gc8b27b8fc1 (webtiles) character file.

Game seed: 1889143442448792009

1754 PentaManta the Slicer (level 8, -2/64 HPs)
             Began as a Spriggan Berserker on Oct 13, 2020.
             Was an Elder of Trog.
             Slain by an orc
             ... wielding a +0 club
              (4 damage)
             ... on level 6 of the Dungeon.
             The game lasted 00:09:17 (5545 turns).

PentaManta the Slicer (Spriggan Berserker)          Turns: 5545, Time: 00:09:18

Health: -2/64      AC:  2    Str: 13    XL:     8   Next: 78%
Magic:  9/9        EV: 25    Int:  8    God:    Trog [****..]
Gold:   473        SH:  0    Dex: 18    Spells: 7/7 levels left

rFire    . . .     SeeInvis +   c - +2 short sword (elec)
rCold    . . .     Faith    .   (shield restricted)
rNeg     . . .     Spirit   .   b - +0 animal skin
rPois    .         Reflect  .   (helmet restricted)
rElec    .         Harm     .   (no cloak)
rCorr    .         Rampage  .   (gloves unavailable)
MR       +....                  (boots unavailable)
Stlth    ..........             (no amulet)
HPRegen  0.20/turn              (no ring)
MPRegen  0.11/turn              (no ring)

@: berserking, very quick
A: very small, unfitting armour, see invisible, speed 3
a: Berserk, Trog's Hand, Brothers in Arms, Renounce Religion


You were on level 6 of the Dungeon.
You worshipped Trog.
Trog was greatly pleased with you.
You visited 1 branch of the dungeon, and saw 6 of its levels.
You also visited: Sewer.

You collected 473 gold pieces.

Inventory:

Hand Weapons
 c - a +2 short sword of electrocution (weapon)
 g - a +0 rapier
 i - a +2 dagger of holy wrath
 o - a +0 dagger of venom
 p - a +0 hunting sling
 q - a +2 short sword of draining
 s - a +0 short sword of venom
 E - a +0 dagger of speed
Missiles
 e - 192 stones (quivered)
 j - 73 sling bullets
 l - 48 poisoned darts
Armour
 b - a +0 animal skin (worn)
Wands
 v - a wand of digging (6)
 y - a wand of flame (24)
 A - a wand of random effects (19)
 B - a wand of enslavement (6)
Scrolls
 a - a scroll of fear
 f - a scroll of enchant armour {unknown}
 m - 2 scrolls of teleportation
 n - a scroll of magic mapping
 r - a scroll of fog
 w - 2 scrolls of remove curse
 D - a scroll of identify
Potions
 d - 6 potions of heal wounds
 h - a potion of invisibility {unknown}
 k - 5 potions of flight
 t - 5 potions of curing
 u - a potion of resistance {unknown}
 x - 4 potions of lignification {unknown}
 z - 3 potions of stabbing {unknown}
 C - a potion of haste {unknown}


   Skills:
 + Level 5.0 Fighting
 * Level 8.9 Short Blades
 + Level 8.7 Dodging
 - Level 6.0 Stealth


You had 7 spell levels left.
You didn't know any spells.
Your spell library contained the following spells:

 Spells                   Type           Power        Failure   Level
 Animate Skeleton         Necr           #.....       41%         1
 Pain                     Necr           #...         41%         1
 Vampiric Draining        Necr           #.........   78%         3
 Animate Dead             Necr           #.........   99%         4
 Agony                    Necr           #.......     100%        5


Dungeon Overview and Level Annotations

Branches:
Dungeon (6/15)              Sewer (visited)
 Temple: D:4-7

Altars:
Hepliaklqana
Kikubaaqudgha
Makhleb
Vehumet


Innate Abilities, Weirdness & Mutations

You are very small and have problems with some larger weapons.
You are too small for most types of armour.
You have supernaturally acute eyesight. (SInv)
You cover ground extremely quickly.


Message History

The orc wizard is severely wounded.
The orc wizard completely misses you. x2
A red film seems to cover your vision as you go berserk!
You feel yourself moving faster!
You feel mighty!
The orc wizard gestures at you while chanting.
The puff of flame misses you.
The orc wizard hits you with a +0 dagger.
The orc completely misses you.
The orc wizard gestures at you while chanting.
The puff of flame hits you!
* * * LOW HITPOINT WARNING * * *
You miss the orc wizard.
The orc wizard is severely wounded.
The orc wizard points at you and mumbles some strange words.
The magic dart hits you!
* * * LOW HITPOINT WARNING * * *
You hit the orc wizard.
The orc wizard is almost dead.
The orc hits you with a +0 club.
You die...

## #######
##.############......
##........<...........
##.....#..........##.#.
#......$#.##.###### .#
##....o..........## #.#.
......o@^#.##.#.#.###.#.
#
###....o##.##.#.........
.#
##...###.##.#....##.#.
######.# ##.#
#.##....#.##.#. #......
#. #.##.#.##.##.#.
#.##.# ## #.
#.##.#.##...... .....#
... . .##.#.#####.#.
##.#.###.# #
..........#. ##.##....#
#...........


You could see 2 orc wizards and an orc.

Vanquished Creatures
  The ghost of Vafan the Chiller, a novice BaIE (D:4)
  A wyvern (D:5)
  2 sky beasts (D:5)
  An orc warrior (D:5)
  2 phantoms
  An ogre (D:4)
  A big kobold (Sewer)
  A scorpion (D:4)
  A bullfrog zombie (D:5)
  3 hounds
  A centaur skeleton (D:5)
  An orc priest (D:4)
  2 orc wizards (D:5)
  2 iguanas
  3 worker ants
  2 hound skeletons
  4 gnolls
  2 howler monkey skeletons
  4 adders
  A river rat (Sewer)
  A white imp (D:5)
  An ufetubus (D:5)
  An ooze (D:1)
  An adder skeleton (D:5)
  5 worms
  A dart slug (D:1)
  2 leopard geckos
  16 orcs
  13 bats
  7 giant cockroaches
  8 hobgoblins
  A jackal (Sewer)
  4 quokkas
  3 ball pythons
  7 frilled lizards
  10 goblins
  14 kobolds
  2 quokka zombies
  12 rats
145 creatures vanquished.

Notes
Turn   | Place    | Note
-------+----------+-------------------------------------------
     0 | D:1      | PentaManta the Spriggan Berserker began the quest for the
                  | Orb.
     0 | D:1      | Reached XP level 1. HP: 11/11 MP: 2/2
   138 | D:1      | Reached skill level 1 in Stealth
   138 | D:1      | Reached XP level 2. HP: 8/16 MP: 3/3
   540 | D:1      | Reached XP level 3. HP: 19/19 MP: 4/4
   972 | D:1      | Reached ** piety under Trog
  1286 | D:2      | Reached skill level 5 in Dodging
  1384 | D:2      | Reached XP level 4. HP: 23/23 MP: 5/5
  2373 | D:3      | Found an ancient bone altar of Kikubaaqudgha.
  2401 | D:3      | Found a glowing drain.
  2404 | D:3      | Reached *** piety under Trog
  2408 | D:3      | Reached XP level 5. HP: 28/28 MP: 6/6
  2419 | Sewer    | Entered a sewer
  2593 | Sewer    | Reached skill level 5 in Short Blades
  2632 | Sewer    | Found a white marble altar of Elyvilon.
  2895 | D:3      | Found a burning altar of Makhleb.
  3167 | D:4      | Reached XP level 6. HP: 32/32 MP: 7/7
  3213 | D:4      | Found a hazy altar of Hepliaklqana.
  3362 | D:4      | Found a runed translucent door.
  3362 | D:4      | Noticed Vafan's ghost (novice BaIE)
  3541 | D:4      | Reached **** piety under Trog
  3541 | D:4      | Reached XP level 7. HP: 30/37 MP: 8/8
  3692 | D:4      | Reached skill level 5 in Stealth
  3700 | D:4      | Killed Vafan's ghost
  3858 | D:5      | Entered Level 5 of the Dungeon
  4141 | D:5      | Reached XP level 8. HP: 42/42 MP: 9/9
  5301 | D:6      | Found a radiant altar of Vehumet.
  5364 | D:6      | Reached skill level 5 in Fighting
  5544 | D:6      | HP: 2/64 [orc wizard/magic dart (10)]
  5545 | D:6      | Slain by an orc

Illustrated notes

Levels and vault maps discovered:
D:1:      dpeg_arrival_long_road, layout_basic, minmay_quantized
D:2:      layout_basic
D:3:      layout_basic, kiku_gazebo_pond_becter, overflow_temple_1_default,
          cheibrodos_sewer_entry_drain
D:4:      layout_cave_pools, nicolae_overflow_crystal_walls,
          ebering_ghost_inner_flame
D:5:      cheibrodos_barr_body, layout_basic
D:6:      layout_loops_ring, vehumet_altar_wand_db

Skill      XL: |  1  2  3  4  5  6  7  8 |
---------------+-------------------------+-----
Stealth        | 1 2 3 4 6 |  6.0
Short Blades   | 4 5 6 7 8 |  8.9
Dodging        | 5 6 7 8 |  8.7
Fighting       | 3 4 5 |  5.0

Action                   |  1- 3 |  4- 6 |  7- 9 || total
-------------------------+-------+-------+-------++-------
Melee: Short sword       |    97 |   137 |   152 ||   386
Invok: Berserk           |     3 |       |     2 ||     5
  Use: Scroll            |     2 |     4 |     6 ||    12
       Potion            |       |     2 |       ||     2
 Stab: Sleeping          |     9 |     6 |    13 ||    28
Armor: Animal skin       |     9 |     7 |       ||    16
Dodge: Dodged            |    82 |    98 |    87 ||   267

Table legend: (Time is in decaauts)
 A = Elapsed time spent in this place.
 B = Non-inter-level travel time spent in this place.
 C = Inter-level travel time spent in this place.
 D = Time resting spent in this place.
 E = Time spent auto-exploring this place.
 F = Levels seen in this place.
 G = Mean time per level.
                   A        B        C        D        E       F      G
               +--------+--------+--------+--------+--------+-----+--------+
         Total |   4119 |   4039 |     80 |     50 |   3236 |   7 |  588.4 |
       Dungeon |   3878 |   3798 |     80 |     50 |   3056 |   6 |  646.3 |
         Sewer |    240 |    240 |      0 |      0 |    179 |   1 |  240.0 |
               +--------+--------+--------+--------+--------+-----+--------+

Top non-repeatable levels by time:
     D:1: 965 daAuts
     D:5: 918 daAuts
     D:2: 781 daAuts
     D:4: 547 daAuts
     D:3: 363 daAuts
     D:6: 302 daAuts
   Sewer: 240 daAuts
